 Dungeon Crawl Stone Soup version 0.24.1 (webtiles) character file.

Game seed: 4982682448385527125, levelgen mode: deterministic

631 MajorAdolf the Skirmisher (level 7, -5/62 HPs)
             Began as a Naga Wanderer on Mar 28, 2020.
             Was an Initiate of Hepliaklqana.
             Slain by an ice beast (14 damage)
             ... on level 5 of the Dungeon.
             The game lasted 00:05:27 (4824 turns).

MajorAdolf the Skirmisher (Naga Wanderer)           Turns: 4824, Time: 00:05:27

Health: -5/62      AC:  7    Str: 17    XL:     7   Next: 48%
Magic:  7/7        EV:  5    Int: 11    God:    Hepliaklqana [......]
Gold:   222        SH:  0    Dex: 11    Spells: 6/6 levels left

rFire    . . .     SeeInvis +   a - +2 quarterstaff
rCold    . . .     Gourm    .   (shield currently unavailable)
rNeg     . . .     Faith    .   t - +0 chain mail
rPois    +         Spirit   .   (no helmet)
rElec    .         Reflect  .   (no cloak)
rCorr    .         Harm     .   (no gloves)
MR       .....                  (no barding)
Stlth    ..........             (no amulet)
HPRegen  0.20/turn              (no ring)
MPRegen  0.10/turn              (no ring)

@: very slow
A: large, reduced essence, see invisible, deformed body, poison resistance,
slowness 2, slow metabolism 1, spit poison 1, AC +2
a: Spit Poison, Recall Ancestor, Ancestor Identity, Renounce Religion


You were on level 5 of the Dungeon.
You worshipped Hepliaklqana.
Hepliaklqana was noncommittal.
You were not hungry.

You visited 1 branch of the dungeon, and saw 5 of its levels.

You collected 222 gold pieces.

Inventory:

Hand Weapons
 a - a +2 quarterstaff (weapon)
Armour
 n - a +0 buckler
 t - a +0 chain mail (worn)
Scrolls
 b - 4 scrolls of teleportation
 g - 3 scrolls of identify
 h - a scroll of noise {unknown}
 j - a scroll of random uselessness {unknown}
 k - a scroll of immolation {unknown}
 o - a scroll of magic mapping {unknown}
 q - a scroll of fog {unknown}
 r - 3 scrolls of remove curse {unknown}
Potions
 c - a potion of curing
 d - a potion of cancellation {unknown}
 e - a potion of lignification {unknown}
 i - a potion of haste {unknown}
 l - a potion of brilliance {unknown}
 m - a potion of degeneration {unknown}
 p - 2 potions of mutation {unknown}
 s - a potion of magic {unknown}
Comestibles
 f - 9 rations


   Skills:
 - Level 6.0 Fighting
   Level 4.2 Axes
 - Level 2.0 Staves
 + Level 2.8 Armour
 + Level 2.7 Dodging
 - Level 1.5 Stealth
 + Level 2.8 Shields
   Level 1.0 Evocations


You had 6 spell levels left.
You didn't know any spells.
Your spell library was empty.

Dungeon Overview and Level Annotations

Branches:
Dungeon (5/15)             Temple (0/1) D:5

Altars:
Dithmenos
Hepliaklqana
Okawaru
Xom

Annotations:
D:3 Grinder


Innate Abilities, Weirdness & Mutations

You cannot wear boots.
Your serpentine skin is tough. (AC +2)
You have supernaturally acute eyesight. (SInv)
Armour fits poorly on your strangely shaped body.
Your system is resistant to poisons. (rPois)
You cover ground very slowly.
You have a slow metabolism.
You can spit poison.
Your life essence is reduced to manifest your ancestor. (-10% HP)


Message History

Unknown command.
You closely miss the ice beast.
The ice beast is heavily wounded.
The ice beast hits you but does no damage.
Tlaloc hits the ice beast.
Unknown command.
You barely miss the ice beast.
The ice beast is severely wounded.
The ice beast barely misses you.
Tlaloc hits the ice beast but does no damage.
You hit the ice beast.
The ice beast is severely wounded.
The ice beast barely misses you.
Tlaloc closely misses the ice beast.
Unknown command.
You hit the ice beast but do no damage.
The ice beast is severely wounded.
The ice beast hits you.
* * * LOW HITPOINT WARNING * * *
The ice beast freezes you!
You die...

#..####### #.....>..#
##### #.# #........
...... ..#
#.......###.....###.##
#.......#≈≈≈≈≈≈≈≈≈#..
##.......#≈#.....#≈#.#
#.........≈.......≈..#
#..YR...≈.......≈..##
####@#..≈...>...≈..##
#.#..†.......≈....
#.#..≈.......≈...#
#.#.#≈#.....#≈#.##
#.#.#≈≈≈≈≈≈≈≈≈#.##
..#.###.....###.##
###...(.........##
...............##
######.#.###.##..


You could see the friendly Tlaloc the ancestor and an ice beast.

Vanquished Creatures
  Sigmund (D:3)
  An ogre (D:4)
  A bullfrog (D:4)
  2 orc priests
  An orc wizard (D:5)
  A bullfrog skeleton (D:5)
  A worker ant (D:5)
  An iguana (D:4)
  4 adders
  2 river rats
  An ooze (D:1)
  4 worms
  5 dart slugs
  A leopard gecko (D:1)
  7 orcs
  A ball python (D:1)
  5 giant cockroaches
  8 goblins
  A hobgoblin (D:1)
  3 jackals (D:1)
  A quokka (D:2)
  6 bats
  2 frilled lizards (D:2)
  8 kobolds
  5 rats
73 creatures vanquished.

Vanquished Creatures (collateral kills)
  An adder (D:4)
  An adder skeleton (D:5)
  3 orcs (D:5)
5 creatures vanquished.

Vanquished Creatures (others)
  A plant (D:3)
1 creature vanquished.

Grand Total: 79 creatures vanquished

Notes
Turn   | Place    | Note
-------+----------+-------------------------------------------
     0 | D:1      | MajorAdolf the Naga Wanderer began the quest for the Orb.
     0 | D:1      | MajorAdolf set off with the following items: a +2
                  | quarterstaff, a scroll of teleportation, a potion of
                  | curing, a +0 robe, a ration
     0 | D:1      | Reached XP level 1. HP: 26/26 MP: 1/1
   196 | D:1      | Reached skill level 1 in Axes
   200 | D:1      | Reached XP level 2. HP: 18/33 MP: 2/2
   866 | D:1      | Reached XP level 3. HP: 40/40 MP: 3/3
  1358 | D:2      | Found an iron altar of Okawaru.
  1797 | D:2      | Found a shadowy altar of Dithmenos.
  1864 | D:2      | Reached XP level 4. HP: 46/48 MP: 4/4
  2068 | D:3      | Found a glowing drain.
  2637 | D:2      | Reached skill level 1 in Armour
  2637 | D:2      | Reached skill level 1 in Dodging
  2637 | D:2      | Reached skill level 1 in Shields
  2637 | D:2      | Reached XP level 5. HP: 6/55 MP: 5/5
  2643 | D:2      | HP: 2/55 [orc/+0 whip (5)]
  3297 | D:3      | Noticed Sigmund
  3311 | D:3      | Killed Sigmund
  3311 | D:3      | Reached XP level 6. HP: 11/62 MP: 6/6
  3759 | D:3      | Noticed Grinder
  3953 | D:4      | Found a shimmering altar of Xom.
  3954 | D:4      | Found a hazy altar of Hepliaklqana.
  3954 | D:4      | Noticed a torpor snail
  3955 | D:4      | Noticed a spectral ugly thing
  3955 | D:4      | Noticed a torpor snail
  3975 | D:4      | Reached XP level 7. HP: 23/69 MP: 7/7
  4207 | D:4      | Became a worshipper of Hepliaklqana the Forgotten
  4531 | D:5      | Entered Level 5 of the Dungeon
  4776 | D:5      | Found a staircase to the Ecumenical Temple.
  4824 | D:5      | Slain by an ice beast

Levels and vault maps discovered:
D:1:      co_arrival_square_in_a_square_in_a_square, layout_basic
D:2:      layout_basic, grunt_dithmenos_smoke, lemuel_crystal_altar
D:3:      layout_loops_ring, portal_sewer_entry_a, serial_bayou_lagoon_a,
          minmay_pentomino_pile, uniq_grinder, uniq_sigmund
D:4:      layout_rooms, regret_index_temple_of_mockery
D:5:      layout_loops_ring, zin_scriptorium, kennysheep_mini,
          minmay_temple_entry_water_ring, first_ration, chei_slow_surprise

Skill      XL: |  1  2  3  4  5  6 |
---------------+-------------------+-----
Axes           | 1 2 3 4 |  4.2
Armour         | 1 2 |  2.8
Dodging        | 1 2 |  2.7
Shields        | 1 2 |  2.8
Fighting       | |  6.0
Staves         | |  2.0
Stealth        | |  1.5
Evocations     | |  1.0

Action                   |  1- 3 |  4- 6 |  7- 9 || total
-------------------------+-------+-------+-------++-------
Melee: Quarterstaff      |    85 |   106 |    56 ||   247
 Abil: Spit Poison       |       |    10 |       ||    10
  Use: Scroll            |       |       |     1 ||     1
       Potion            |       |       |     1 ||     1
 Stab: Sleeping          |     3 |     1 |       ||     4
  Eat: Chunk             |     1 |     2 |     4 ||     7
       Ration            |       |     1 |       ||     1
Armor: Robe              |    12 |       |       ||    12
       Ring mail         |    22 |    34 |       ||    56
       Chain mail        |       |     6 |    42 ||    48
Dodge: Dodged            |    48 |    70 |    15 ||   133
